 Dungeon Crawl Stone Soup version 0.29-a0-330-g52719c12eb (webtiles) character file.

Game seed: 7399729093158491136

3 gruber the Stinger (level 1, -1/10 HPs)
             Began as a Gargoyle Venom Mage on May 28, 2022.
             Slain by a hobgoblin (4 damage)
             ... on level 1 of the Dungeon.
             The game lasted 00:00:27 (270 turns).

gruber the Stinger (Gargoyle Venom Mage)             Turns: 270, Time: 00:00:28

Health: -1/10      AC:  4    Str: 11    XL:     1   Next: 50%
Magic:  0/3        EV: 11    Int: 15    God:
Gold:   0          SH:  0    Dex: 10    Spells: 3/4 levels left

rFire   . . .      SeeInvis .   (no weapon)
rCold   . . .      Faith    .   (no shield)
rNeg    + . .      Spirit   .   a - +0 robe
rPois   ∞          Reflect  .   (no helmet)
rElec   +          Harm     .   (no cloak)
rCorr   .          Rampage  .   (no gloves)
Will    .....                   (no boots)
Stlth   ++........              (no amulet)
HPRegen 0.03/turn               (no ring)
MPRegen 0.08/turn               (no ring)

@: no status effects
A: sickness immunity, AC +2, negative energy resistance 1, electricity
resistance, torment resistance 1, petrification resistance
a: no special abilities


You were on level 1 of the Dungeon.
You visited 1 branch of the dungeon, and saw 1 of its levels.

Inventory:

Armour
 a - a +0 robe (worn)
Potions
 b - a potion of magic
 c - a potion of curing {unknown}
 d - a potion of resistance {unknown}


   Skills:
 - Level 1.5 Dodging
 - Level 2.1 Stealth
 - Level 2.0 Spellcasting
 - Level 0.7 Transmutations
 + Level 3.2 Poison Magic


You had 3 spell levels left.
You knew the following spells:

 Your Spells              Type           Power      Damage    Failure   Level
a - Sting                 Tmut/Pois      28%        1d4       10%         1

Your spell library contained the following spells:

 Spells                   Type           Power      Damage    Failure   Level
 Poisonous Vapours        Pois/Air       12%        N/A       17%         2
 Mephitic Cloud           Conj/Pois/Air  4%         N/A       38%         3
 Olgreb's Toxic Radiance  Pois           11%        N/A       50%         4


Dungeon Overview and Level Annotations

Branches:
Dungeon (1/15)

Altars:


Innate Abilities, Weirdness & Mutations

You are immune to sickness and miasma.
Your stone body is resilient. (AC +2)
You are immune to poison.
You resist negative energy. (rN+)
You are resistant to electric shocks. (rElec)
You are resistant to unholy torment.
You are immune to petrification.


Message History

You can't see any susceptible monsters within range! (Use Z to cast anyway.)
You can't see any susceptible monsters within range! (Use Z to cast anyway.)
You can't see any susceptible monsters within range! (Use Z to cast anyway.)
You can't see any susceptible monsters within range! (Use Z to cast anyway.)
You can't see any susceptible monsters within range! (Use Z to cast anyway.)
You can't see any susceptible monsters within range! (Use Z to cast anyway.)
You can't see any susceptible monsters within range! (Use Z to cast anyway.)
A goblin comes into view. It is wielding a +0 dagger.
You see here 8 gold pieces.
There are monsters nearby!
There are monsters nearby!
You can't see any susceptible monsters within range! (Use Z to cast anyway.)
The sting misses the goblin.
The hobgoblin shouts!
You miscast Sting.
You are very lightly contaminated with residual magic.
Nothing appears to happen.
The goblin barely misses you.
The sting hits the hobgoblin but does no damage.
The hobgoblin is poisoned.
The kobold shouts!
The hobgoblin misses you. The goblin barely misses you.
You are too depleted to draw on your mana recklessly!
You miss the goblin. The hobgoblin barely misses you.
The goblin hits you with a +0 club.
You closely miss the goblin.
The hobgoblin hits you but does no damage.
The goblin hits you with a +0 club.
You closely miss the goblin. Your punch misses the goblin.
The hobgoblin hits you.
* * * LOW HITPOINT WARNING * * *
The goblin barely misses you.
You closely miss the goblin.
The hobgoblin hits you but does no damage.
The goblin completely misses you.
You closely miss the goblin.
The quokka twitches its whiskers.
The hobgoblin closely misses you. The goblin closely misses you.
Your magical contamination has completely faded away.
You closely miss the goblin. The hobgoblin hits you.
You die...

♣≈#.# ≈#..# ≈#..# .
. ≈#..# .. .. ≈##.#
...... ###### ≈##.#
.......##....#
♣≈#.# .....
.....#.## ⌠♣≈.#
......###..#..####
♣≈..#
.....gg@g........#
≈...#
.####.######..####
....#
...........#####
###.#
###.######......#
#.#
.#...#.....#.###.#
#.# ..............#
#># ###
#...###...#.### #.#
#.####.#...#.###...
#.# #............#
####


You could see a hobgoblin (poisoned) and 2 goblins.

Vanquished Creatures
  2 endoplasms (D:1)
  A frilled lizard (D:1)
3 creatures vanquished.

Vanquished Creatures (others)
  4 toadstools (D:1)
4 creatures vanquished.

Grand Total: 7 creatures vanquished

Notes
Turn   | Place    | Note
-------+----------+-------------------------------------------
     0 | D:1      | gruber the Gargoyle Venom Mage began the quest for the Orb.
     0 | D:1      | Reached XP level 1. HP: 10/10 MP: 3/3
   270 | D:1      | Slain by a hobgoblin

Illustrated notes

Levels and vault maps discovered:
D:1:      ldierk_water_garden, layout_basic, minmay_misc_feat_chi

Action                   || total
-------------------------++-------
Melee: Unarmed           ||     9
 Cast: Sting             ||     9
Armor: Robe              ||    10
Dodge: Dodged            ||    11

Table legend: (Time is in decaauts)
 A = Elapsed time spent in this place.
 B = Non-inter-level travel time spent in this place.
 C = Inter-level travel time spent in this place.
 D = Time resting spent in this place.
 E = Time spent auto-exploring this place.
 F = Levels seen in this place.
 G = Mean time per level.
                   A        B        C        D        E       F      G
               +--------+--------+--------+--------+--------+-----+--------+
         Total |    271 |    271 |      0 |      0 |    208 |   1 |  271.0 |
       Dungeon |    271 |    271 |      0 |      0 |    208 |   1 |  271.0 |
               +--------+--------+--------+--------+--------+-----+--------+

Top non-repeatable levels by time:
     D:1: 271 daAuts
